 Dungeon Crawl Stone Soup version 0.30-a0-465-g8901f6c8b5 (webtiles) character file.

Game seed: 11196288061507839210

6290 kurumiz the Spear-Bearer (level 10, 0/130 (132) HPs)
             Began as a Minotaur Gladiator on Dec 18, 2022.
             Was a Follower of Trog.
             Slain by a necrophage (4 damage)
             ... on level 8 of the Dungeon.
             The game lasted 00:31:46 (8173 turns).

kurumiz the Spear-Bearer (Minotaur Gladiator)       Turns: 8173, Time: 00:31:47

HP:   0/130 (132)   AC: 25    Str: 23    XL:     10   Next: 63%
MP:   9/9           EV:  2    Int:  5    God:    Trog [*.....]
Gold: 312           SH:  0    Dex: 10    Spells: 9/9 levels left

rFire   . . .      SeeInvis .    Q - +5 halberd (freeze)
rCold   . . .      Faith    .    (shield currently unavailable)
rNeg    + . .      Spirit   .    (body armour currently unavailable)
rPois   +          Reflect  .    (helmet currently unavailable)
rElec   .          Harm     .    (cloak currently unavailable)
rCorr   .          Rampage  .    (gloves currently unavailable)
Will    .....      NoTele   +    (boots currently unavailable)
Stlth   ++........               h - amulet of the acrobat
HPRegen 0.00/turn                t - +4 ring of evasion
MPRegen 0.11/turn                M - ring of positive energy

@: mighty, tree-form, attractive, inhibited regen, hasted, lightly drained, very
quick
A: stationary, stasis, torment immunity, boosted hp, (horns 2), (retaliatory
headbutt), clumsy 1, inhibited regeneration, MP-powered wands
a: Renounce Religion, Berserk


You were on level 8 of the Dungeon.
You worshipped Trog.
Trog was aware of your devotion.
You were a tree.
You visited 2 branches of the dungeon, and saw 9 of its levels.

You collected 657 gold pieces.
You spent 345 gold pieces at shops.

Inventory:

Hand Weapons
 p - a +0 sling
 B - a +2 short sword of venom
 D - a +4 mace
 P - a +0 shortbow
 Q - a +5 halberd of freezing (weapon)
 R - a +2 whip of flaming
 T - a +4 hand axe
 U - a +4 flail of freezing
Missiles
 d - 3 throwing nets (quivered)
 e - 5 javelins
 u - 9 poisoned darts
Armour
 b - a +0 leather armour
 c - a +0 hat (melded)
 z - a +1 chain mail (melded)
 S - a +1 robe of fire resistance
 V - a +2 robe of willpower
Magical Staves
 W - a staff of fire
Jewellery
 h - an amulet of the acrobat (around neck)
 t - a +4 ring of evasion (left branch)
 F - a ring of magical power
 M - a ring of positive energy (right branch)
Wands
 w - a wand of quicksilver (6)
 y - a wand of flame (26)
 Z - a wand of charming (9)
Scrolls
 f - 3 scrolls of amnesia {unknown}
 g - 9 scrolls of identify
 i - 3 scrolls of poison {unknown}
 j - 4 scrolls of teleportation {unknown}
 k - 3 scrolls of fog {unknown}
 l - 2 scrolls of vulnerability {unknown}
 n - a scroll of enchant weapon {unknown}
 o - a scroll of magic mapping {unknown}
 r - 2 scrolls of blinking {unknown}
 s - 3 scrolls of noise {unknown}
 H - 2 scrolls of brand weapon
 N - a scroll of enchant armour
 O - a scroll of immolation {unknown}
 Y - a scroll of butterflies {unknown}
Potions
 q - 2 potions of lignification
 v - a potion of might


   Skills:
 + Level 8.1 Fighting
 + Level 12.8 Polearms
 + Level 2.4 Throwing
 + Level 10.7 Armour
 + Level 5.9 Dodging
 + Level 2.1 Stealth


You had 9 spell levels left.
You didn't know any spells.
Your spell library contained the following spells:

 Spells                   Type           Power      Damage    Failure   Level
 Magic Dart               Conj           0%         1d3       47%         1
 Searing Ray              Conj           0%         2d4       63%         2
 Dazzling Flash           Conj/Hex       0%         N/A       85%         3
 Frozen Ramparts          Ice            0%         1d1       85%         3
 Animate Dead             Necr           0%         N/A       99%         4
 Fulminant Prism          Conj/Hex       0%         3d5       99%         4
 Ice Form                 Ice/Tmut       0%         N/A       99%         4
 Iskenderun's Mystic Bla  Conj/Tloc      0%         2d3       99%         4
 Summon Ice Beast         Ice/Summ       0%         N/A       99%         4
 Starburst                Conj/Fire      0%         6d3       100%        6
 Haunt                    Necr/Summ      0%         N/A       100%        7
 Infestation              Necr           0%         N/A       100%        8


Dungeon Overview and Level Annotations

Branches:
Dungeon (8/15)             Temple (1/1) D:7            Lair (0/5) D:8

Altars:
Ashenzari
Cheibriados
Dithmenos
Elyvilon
Fedhas
Gozag
Hepliaklqana
Kikubaaqudgha
Makhleb
Nemelex Xobeh
Okawaru
Qazlal
Ru
Sif Muna
Trog
Uskayaw
Vehumet
Wu Jian
Xom
Yredelemnul
Zin
The Shining One

Shops:
D:2 *   D:5 ?   D:6 [

Portals:
Bailey: D:8

Annotations:
D:8 Gastronok


Innate Abilities, Weirdness & Mutations

You are a tree.
Your roots penetrate the ground, keeping you stationary.
You cannot be teleported.
You are immune to unholy pain and torment.
Your maximum health is greatly increased.
Your equipment is partially melded.
((You have a pair of horns on your head.))
((You reflexively headbutt those who attack you in melee.))
You are clumsy. (Dex -2)
You do not regenerate when monsters are visible.
You expend magic power (3 MP) to strengthen your wands.


Message History

* * * LOW HITPOINT WARNING * * *
The necrophage misses you.
You hit the necrophage. Your headbutt misses the necrophage.
The necrophage is moderately damaged.
The yak barely misses you. The necrophage misses you. You furiously retaliate!
You headbutt the necrophage!
It was a potion of lignification.
You turn into a tree.
Your +0 hat melds into your body.
Your +1 chain mail melds into your body.
Your roots penetrate the ground.
The necrophage hits you but does no damage.
The yak gores you but does no damage.
It was a potion of might.
You feel very mighty all of a sudden. The yak gores you but does no damage.
The necrophage hits you but does no damage.
It was a potion of mutation.
You feel extremely strange.
You feel clumsy.
You feel your magical essence link to the dungeon's wands.
Your regeneration stops near monsters.
The necrophage hits you but does no damage.
The yak gores you but does no damage.
It was a potion of attraction.
You feel attractive to monsters. The yak gores you!
* * * LOW HITPOINT WARNING * * *
The necrophage hits you but does no damage.
It was a potion of curing.
You feel better. The yak gores you but does no damage.
The necrophage hits you but does no damage.
It was a potion of magic.
Magic courses through your body. The yak gores you.
* * * LOW HITPOINT WARNING * * *
The necrophage hits you but does no damage.
It was a potion of haste.
You feel yourself speed up. The yak gores you but does no damage.
The necrophage hits you but does no damage.
You closely miss the necrophage.
The necrophage is severely damaged.
The yak gores you but does no damage. The necrophage hits you.
You die...

P..P.# #..........÷..>.#
P....###...............#
.PPP...#[..............+
gPPPP..[.g.n......÷....#
nPP...P#.#####[#.......####
......g#)# #g#.#.........
.....g)nK# #l#.'.........
P...)..g## #.#n#.........
$...P...# #.#♣#.........
P..P...## #KY.#.........
.......# #####.########
.....### #..<#.# ...###
#.###.# .### #.....# #
#######


You could see a yak, a kobold brigand and a necrophage.

Vanquished Creatures
  The ghost of Dramamine the Skirmisher, a novice DsHu of Qazlal (D:7)
  Pikel (D:7)
  Joseph (D:7)
  2 hornets
  Eustachio (D:6)
  3 yaks (D:8)
  Menkaure (D:7)
  An acid dragon (D:7)
  5 water moccasins
  2 orc warriors
  A sky beast (D:7)
  2 ice beasts
  5 black bears
  4 centaurs
  3 lemures (D:7)
  A phantom (D:5)
  3 bullfrogs
  3 scorpions
  3 necrophages (D:5)
  13 wights
  A killer bee (D:8)
  A howler monkey (D:7)
  2 hounds (D:5)
  2 gnoll boudas
  2 jellies
  2 orc priests (D:5)
  An iguana (D:5)
  4 orc wizards
  10 gnolls
  10 adders
  3 white imps
  2 ufetubi
  4 dart slugs
  16 orcs
  3 endoplasms
  4 giant cockroaches
  5 goblins
  9 hobgoblins
  4 jackals (D:1)
  4 quokkas
  11 ball pythons
  6 bats
  A frilled lizard (D:3)
  10 kobolds
  4 rats
177 creatures vanquished.

Vanquished Creatures (others)
  23 fungi (D:8)
  30 plants (D:8)
53 creatures vanquished.

Grand Total: 230 creatures vanquished

Notes
Turn   | Place    | Note
-------+----------+-------------------------------------------
     0 | D:1      | kurumiz the Minotaur Gladiator began the quest for the Orb.
     0 | D:1      | Reached XP level 1. HP: 18/18 MP: 0/0
    76 | D:1      | Reached XP level 2. HP: 20/25 MP: 1/1
   357 | D:1      | Reached skill level 4 in Polearms
   847 | D:2      | Reached XP level 3. HP: 22/28 MP: 2/2
  1191 | D:2      | Found Eklan's Assorted Antiques.
  1286 | D:2      | Found a hide-covered altar of Uskayaw.
  1575 | D:3      | Reached skill level 1 in Armour
  1668 | D:3      | Reached XP level 4. HP: 33/37 MP: 3/3
  1722 | D:3      | Noticed a black bear
  2230 | D:2      | Bought a sapphire ring for 135 gold pieces
  2425 | D:3      | You fall into a shaft and drop 1 floor!
  2447 | D:4      | Reached skill level 5 in Polearms
  2552 | D:4      | Noticed a black bear
  2601 | D:4      | Noticed a water moccasin
  2609 | D:3      | Killed a water moccasin
  2610 | D:3      | Reached XP level 5. HP: 17/45 MP: 4/4
  2817 | D:3      | Killed a black bear
  2818 | D:3      | Reached XP level 6. HP: 41/51 MP: 5/5
  3297 | D:5      | Entered Level 5 of the Dungeon
  3302 | D:5      | Reached skill level 6 in Polearms
  3302 | D:5      | Reached skill level 5 in Dodging
  3302 | D:5      | Reached skill level 1 in Stealth
  3346 | D:5      | Found an ancient bone altar of Kikubaaqudgha.
  3370 | D:5      | Reached XP level 7. HP: 55/58 MP: 6/6
  4218 | D:5      | Found Sytigoojei's Magic Scroll Shoppe.
  4221 | D:5      | Bought a scroll of identify for 20 gold pieces
  4221 | D:5      | Bought a scroll of brand weapon for 95 gold pieces
  4221 | D:5      | Bought a scroll of identify for 20 gold pieces
  4221 | D:5      | Bought a scroll of enchant armour for 75 gold pieces
  4312 | D:5      | Reached skill level 7 in Polearms
  4312 | D:5      | Reached skill level 5 in Armour
  4525 | D:5      | Reached XP level 8. HP: 63/67 MP: 7/7
  4653 | D:5      | Reached skill level 8 in Polearms
  4658 | D:5      | Reached skill level 5 in Fighting
  4839 | D:5      | Found a broken altar of Ashenzari.
  5144 | D:6      | Found a sparkling altar of Nemelex Xobeh.
  5144 | D:6      | Found a glowing golden altar of the Shining One.
  5144 | D:6      | Found a shimmering blue altar of Sif Muna.
  5145 | D:6      | Found a glowing silver altar of Zin.
  5147 | D:6      | Found a radiant altar of Vehumet.
  5148 | D:6      | Found a white marble altar of Elyvilon.
  5281 | D:6      | Found a stormy altar of Qazlal.
  5336 | D:6      | Noticed Eustachio
  5355 | D:6      | Killed Eustachio
  5479 | D:6      | Found Vunionk's Armour Shop.
  5505 | D:6      | Reached skill level 9 in Polearms
  6157 | D:6      | Reached XP level 9. HP: 73/75 MP: 8/8
  6475 | D:7      | Found a shadowy altar of Dithmenos.
  6476 | D:7      | Found a runed translucent gate.
  6476 | D:7      | Found a runed translucent gate.
  6476 | D:7      | Found a runed translucent gate.
  6476 | D:7      | Found an opulent altar of Gozag.
  6541 | D:7      | Reached skill level 10 in Polearms
  6773 | D:7      | Noticed Pikel
  6798 | D:7      | Killed Pikel
  6799 | D:7      | Reached skill level 11 in Polearms
  6825 | D:7      | Noticed Menkaure
  6836 | D:7      | Killed Menkaure
  7008 | D:7      | Found a staircase to the Ecumenical Temple.
  7115 | Temple   | Entered the Ecumenical Temple
  7198 | Temple   | Became a worshipper of Trog the Wrathful
  7404 | D:7      | Noticed Dramamine's ghost (novice DsHu)
  7448 | D:7      | Noticed Joseph
  7453 | D:7      | Killed Joseph
  7454 | D:7      | Reached XP level 10. HP: 79/86 MP: 9/9
  7591 | D:7      | Killed Dramamine's ghost
  7592 | D:7      | Reached skill level 12 in Polearms
  7677 | D:8      | Found a flagged portal.
  7696 | D:8      | Noticed Gastronok
  7799 | D:8      | Reached skill level 10 in Armour
  8114 | D:8      | Found a staircase to the Lair.
  8142 | D:8      | Reached * piety under Trog
  8168 | D:8      | Gained mutation: You are clumsy. (Dex -2) [potion of
                  | mutation]
  8168 | D:8      | Gained mutation: You expend magic power (3 MP) to
                  | strengthen your wands. [potion of mutation]
  8168 | D:8      | Gained mutation: You do not regenerate when monsters are
                  | visible. [potion of mutation]
  8169 | D:8      | HP: 1/130 [yak (10)]
  8173 | D:8      | Slain by a necrophage

Illustrated notes

Levels and vault maps discovered:
D:1:      nicolae_arrival_washed_ashore, layout_loops_ring,
          minmay_misc_feat_tiny
D:2:      layout_basic, basic_altar, serial_shops, shop
D:3:      layout_rooms
D:4:      layout_rooms, dreamdust_wishing_well, minmay_increasing_density
D:5:      minmay_razor_zed, layout_basic, mainiacjoe_overflow_chevrons,
          lemuel_round_altar, serial_shops, nicolae_shop_behind_doors
D:6:      layout_loops_corners, grunt_temple_overflow_open, grunt_qazlal_clouds,
          serial_rivers, chequers_serial_rivers_micro_b,
          chequers_serial_rivers_micro_c, chequers_serial_rivers_small_a,
          chequers_serial_rivers_small_b, serial_shops, nicolae_shop_trees,
          kennysheep_opposing_triangles, uniq_eustachio
D:7:      layout_loops_ring, mainiacjoe_overflow_cross_hatched,
          minmay_temple_entry_hall, ebering_ghost_gozag, serial_park_tiny_1,
          uniq_pikel, uniq_menkaure, uniq_joseph
D:8:      layout_basic, marbit_many_paths, due_lair_maze_entry_diamond,
          enter_bailey_2, minmay_diced_spiral, uniq_gastronok
Temple:   nicolae_temple_bog_church

Skill      XL: |  1  2  3  4  5  6  7  8  9 10 |
---------------+-------------------------------+-----
Polearms       | 4 5 6 7 9 11 12 | 12.8
Armour         | 1 2 3 4 5 7 9 10 | 10.7
Dodging        | 4 5 |  5.9
Fighting       | 3 4 5 7 8 |  8.1
Stealth        | 1 2 |  2.1
Throwing       | |  2.4

Action                   |  1- 3 |  4- 6 |  7- 9 | 10-12 || total
-------------------------+-------+-------+-------+-------++-------
Melee: Trident           |    98 |   109 |   260 |       ||   467
       Headbutt          |    13 |    16 |    54 |     7 ||    90
       Punch             |       |     1 |     6 |       ||     7
       Halberd           |       |       |    58 |    62 ||   120
Throw: Throwing net      |       |     3 |       |       ||     3
  Use: Potion            |       |     2 |       |     7 ||     9
       Scroll            |       |       |     1 |       ||     1
Armor: Leather armour    |    21 |    15 |       |       ||    36
       Chain mail        |       |    12 |    99 |    31 ||   142
       Skin              |       |       |       |    13 ||    13
Dodge: Dodged            |    51 |    93 |   160 |   115 ||   419

Table legend: (Time is in decaauts)
 A = Elapsed time spent in this place.
 B = Non-inter-level travel time spent in this place.
 C = Inter-level travel time spent in this place.
 D = Time resting spent in this place.
 E = Time spent auto-exploring this place.
 F = Levels seen in this place.
 G = Mean time per level.
                   A        B        C        D        E       F      G
               +--------+--------+--------+--------+--------+-----+--------+
         Total |   8176 |   6176 |   2000 |      0 |   4521 |   9 |  908.4 |
       Dungeon |   8043 |   6173 |   1870 |      0 |   4521 |   8 | 1005.4 |
        Temple |    133 |      4 |    129 |      0 |      0 |   1 |  133.0 |
               +--------+--------+--------+--------+--------+-----+--------+

Top non-repeatable levels by time:
     D:5: 1401 daAuts
     D:7: 1397 daAuts
     D:6: 1210 daAuts
     D:2: 1145 daAuts
     D:1: 901 daAuts
     D:3: 890 daAuts
     D:4: 823 daAuts
     D:8: 273 daAuts
  Temple: 133 daAuts
